 Dungeon Crawl Stone Soup version 0.23.2-33-g5129a83184 (webtiles) character file.

Game seed: 14598824319856529158

23 Destapler the Grave Robber (level 2, 0/21 HPs)
             Began as a Demonspawn Necromancer on July 29, 2019.
             Slain by a jackal (3 damage)
             ... on level 2 of the Dungeon.
             The game lasted 00:08:44 (1192 turns).

Destapler the Grave Robber (Demonspawn Necromancer) Turns: 1192, Time: 00:08:45

Health: 0/21       AC:  3    Str:  8    XL:     2   Next: 75%
Magic:  3/5        EV: 12    Int: 16    God:
Gold:   74         SH:  0    Dex: 13    Spells: 3/5 levels left

rFire    . . .     SeeInvis .   a - +0 dagger
rCold    . . .     Gourm    .   (no shield)
rNeg     . . .     Faith    .   o - +0 robe
rPois    .         Spirit   .   (helmet restricted)
rElec    .         Reflect  .   (no cloak)
rCorr    .         Harm     .   j - +0 pair of gloves
MR       .....                  (no boots)
Stlth    ++........             (no amulet)
HPRegen  0.07/turn              (no ring)
MPRegen  0.09/turn              (no ring)

@: no status effects
A: antennae 1
a: no special abilities


You were on level 2 of the Dungeon.
You were not hungry.

You visited 1 branch of the dungeon, and saw 2 of its levels.

You collected 74 gold pieces.

Inventory:

Hand Weapons
 a - a +0 dagger (weapon)
Missiles
 e - a stone (quivered)
Armour
 j - a +0 pair of gloves (worn)
 m - a +2 ring mail of fire resistance
 o - a +0 robe (worn)
Scrolls
 b - 2 scrolls of remove curse {unknown}
 d - a scroll of magic mapping {unknown}
 f - a scroll of immolation {unknown}
 g - 2 scrolls of teleportation {unknown}
 k - a scroll of enchant armour {unknown}
Potions
 h - 2 potions of lignification {unknown}
 i - a potion of magic {unknown}
Comestibles
 c - 2 rations
 l - 2 chunks of flesh


   Skills:
 * Level 1.3 Fighting
 + Level 2.0 Dodging
 + Level 2.1 Stealth
 + Level 2.1 Spellcasting
 + Level 4.5 Necromancy


You had 3 spell levels left.
You knew the following spells:

 Your Spells              Type           Power        Failure   Level  Hunger
a - Pain                  Necr           ###.         3%          1    #......
b - Animate Skeleton      Necr           N/A          3%          1    #......

Your spell library contained the following spells:

 Spells                   Type           Power        Failure   Level  Hunger
 Vampiric Draining        Necr           ###.......   10%         3    ###....
 Regeneration             Chrm/Necr      #.........   24%         3    ###....
 Animate Dead             Necr           N/A          32%         4    #####..


Dungeon Overview and Level Annotations

Branches:
Dungeon (2/15)

Altars:


Innate Abilities, Weirdness & Mutations

You have a pair of small antennae on your head.


Message History

An adder comes into view.
The jackal bites you but does no damage.
Found a ring mail.
The adder hisses angrily.
The jackal bites you but does no damage.
The adder bites you.
You are poisoned.
The adder poisons you!
You feel sick. The jackal completely misses you.
You feel sick. The jackal closely misses you.
There is a stone staircase leading down here.
The jackal barely misses you.
You feel sick. The jackal closely misses you.
You feel sick.
The jackal bites you but does no damage.
You feel sick.
You are no longer poisoned.
The jackal bites you.
You die...

###################.##
#...................#.
#####.#.).........).......
#..............###########
#.##.#.######>..........†
#S#...<#.####...####
#.#.##.#.# #.......
#h####.#.. +..h....
#.h@...#.# #...##..
########.# ........ ..#
......### ###....[... # #


You could see 2 jackals.

Vanquished Creatures
  An ooze (D:1)
  2 leopard geckos (D:2)
  2 goblins (D:1)
  3 hobgoblins (D:1)
  3 bats
  2 frilled lizards (D:2)
  2 kobolds (D:1)
  2 rats (D:1)
17 creatures vanquished.

Vanquished Creatures (collateral kills)
  A bat (D:1)
1 creature vanquished.

Grand Total: 18 creatures vanquished

Notes
Turn   | Place    | Note
-------+----------+-------------------------------------------
     0 | D:1      | Destapler the Demonspawn Necromancer began the quest for
                  | the Orb.
     0 | D:1      | Reached XP level 1. HP: 13/13 MP: 3/3
    26 | D:1      | Learned a level 1 spell: Animate Skeleton
   509 | D:1      | Gained mutation: You have a pair of small antennae on your
                  | head. [demonic ancestry]
   509 | D:1      | Reached XP level 2. HP: 18/20 MP: 1/5
   612 | D:1      | Reached skill level 1 in Fighting
  1192 | D:2      | Slain by a jackal

Skill      XL: |  1  2 |
---------------+-------+-----
Stealth        | 2 |  2.1
Fighting       | 1 |  1.3
Dodging        | 2 |  2.0
Spellcasting   | |  2.1
Necromancy     | |  4.5

Action                   || total
-------------------------++-------
Melee: Dagger            ||    18
 Cast: Pain              ||    25
       Animate Skeleton  ||     5
 Stab: Sleeping          ||     1
  Eat: Chunk             ||     1
Armor: Robe              ||    12
Dodge: Dodged            ||    15
